 Dungeon Sprint DCSS version 0.28.0-43-g3370ac3207 (webtiles) character file.

Game seed: 5746516513208854102

709 boopmooplesden the Carver (level 7, -5/117 HPs)
             Began as a Minotaur Berserker on Mar 2, 2022.
             Was a Priest of Trog.
             Slain by a wyvern (12 damage)
             ... in the Dungeon (Sprint II: "The Violet Keep of Menkaure").
             The game lasted 00:00:41 (539 turns).

boopmooplesden the Carver (Minotaur Berserker)       Turns: 539, Time: 00:00:41

Health: -5/117     AC:  2    Str: 24    XL:     7   Next: 40%
Magic:  6/6        EV: 13    Int:  4    God:    Trog [***...]
Gold:   486        SH:  0    Dex:  9    Spells: 6/6 levels left

rFire   . . .      SeeInvis .   a - +0 falchion
rCold   . . .      Faith    .   (no shield)
rNeg    . . .      Spirit   .   b - +0 animal skin
rPois   .          Reflect  .   (helmet restricted)
rElec   .          Harm     .   (no cloak)
rCorr   .          Rampage  .   (no gloves)
Will    .....      NoTele   +   (no boots)
Stlth   ..........              (no amulet)
HPRegen 0.29/turn               (no ring)
MPRegen 0.10/turn               (no ring)

@: berserking, very quick
A: horns 2, retaliatory headbutt
a: Renounce Religion, Berserk, Trog's Hand


You were in the Dungeon.
You worshipped Trog.
Trog was most pleased with you.
You visited 1 branch You collected 486 gold pieces.

Inventory:

Hand Weapons
 a - a +0 falchion (weapon)
Armour
 b - a +0 animal skin (worn)
Scrolls
 h - a scroll of blinking
Potions
 e - a potion of haste
 f - 2 potions of magic
 g - a potion of berserk rage


   Skills:
 + Level 12.5 Fighting
 + Level 12.7 Long Blades
 + Level 6.6 Armour
 + Level 6.3 Dodging


You had 6 spell levels left.
You didn't know any spells.
Your spell library was empty.

Dungeon Overview and Level Annotations

Branches:
Dungeon (1/1)

Altars:


Innate Abilities, Weirdness & Mutations

You have a pair of horns on your head.
You reflexively headbutt those who attack you in melee.


Message History

The wyvern is heavily wounded.
The wyvern bites you.
You hit the wyvern but do no damage. Your headbutt misses the wyvern.
The wyvern is heavily wounded.
The wyvern misses you.
You closely miss the wyvern. Your headbutt misses the wyvern.
The wyvern is heavily wounded.
The wyvern bites you!
You hit the wyvern but do no damage.
The wyvern is heavily wounded.
The wyvern bites you!
You slash the wyvern! You headbutt the wyvern.
You kill the wyvern!
Trog accepts your kill.
Your Fighting skill increases to level 12!
Your Dodging skill increases to level 6!
You hit the wyvern but do no damage. You headbutt the wyvern.
The wyvern is lightly wounded.
The wyvern bites you!
You hit the wyvern but do no damage. Your headbutt misses the wyvern.
The wyvern is lightly wounded.
The wyvern bites you!
You barely miss the wyvern. Your headbutt misses the wyvern.
The wyvern is lightly wounded.
The wyvern bites you.
* * * LOW HITPOINT WARNING * * *
You hit the wyvern. Your headbutt misses the wyvern.
The wyvern is moderately wounded.
The wyvern bites you!
* * * LOW HITPOINT WARNING * * *
A red film seems to cover your vision as you go berserk!
You feel yourself moving faster!
You feel mighty! The wyvern bites you!
* * * LOW HITPOINT WARNING * * *
The wyvern closely misses you.
You closely miss the wyvern.
The wyvern is moderately wounded.
You hit the wyvern.
The wyvern is moderately wounded.
The wyvern bites you!
You die...

#+#
###.###
#..#..#
##.#.####
##'###.##
##.##...#
+.<.'##.+
##@##...#
#l###.##
.#$ ###
.# #. ##
##


You could see a wyvern.

Vanquished Creatures
  A wyvern (D)
  4 necrophages (D)
  4 scorpions (D)
9 creatures vanquished.

Notes
Turn   | Place    | Note
-------+----------+-------------------------------------------
     0 | D        | boopmooplesden the Minotaur Berserker began the quest for
                  | the Orb.
     0 | D        | Reached XP level 1. HP: 19/19 MP: 0/0
     1 | D        | Noticed a necrophage
     1 | D        | Noticed a necrophage
     1 | D        | Noticed a necrophage
     1 | D        | Noticed a necrophage
     5 | D        | Killed a necrophage
     6 | D        | Reached XP level 2. HP: 34/34 MP: 1/1
     6 | D        | Reached XP level 3. HP: 39/39 MP: 2/2
     6 | D        | Reached XP level 4. HP: 47/47 MP: 3/3
    11 | D        | Killed a necrophage
    12 | D        | Reached XP level 5. HP: 56/56 MP: 4/4
    18 | D        | Killed a necrophage
    18 | D        | Reached ** piety under Trog
    19 | D        | Reached skill level 10 in Long Blades
    19 | D        | Reached skill level 5 in Armour
    26 | D        | Killed a necrophage
    27 | D        | Reached skill level 10 in Fighting
    27 | D        | Reached skill level 5 in Dodging
    27 | D        | Reached XP level 6. HP: 35/67 MP: 5/5
   189 | D        | Reached *** piety under Trog
   192 | D        | Reached XP level 7. HP: 16/75 MP: 6/6
   199 | D        | HP: 3/75 [poisoned by a scorpion]
   525 | D        | Noticed a wyvern
   525 | D        | Noticed a wyvern
   532 | D        | Killed a wyvern
   539 | D        | Slain by a wyvern

Illustrated notes

Levels and vault maps discovered:
D:        the_violet_keep_of_menkaure [sprint2_stairs_cluster_1,
          sprint2_shoproom, sprint2_temple, sprint2_basic_supplies,
          sprint2_obstacle_1, sprint2_obstacle_4, sprint2_obstacle_7,
          sprint2_obstacle_5, sprint2_obstacle_6, sprint2_timed_cluster_1,
          sprint2_smallroom_cluster_1, sprint2_smallroom_final_cluster_1,
          sprint2_transparent_cluster_1, sprint2_second_timed_cluster_1,
          sprint2_sniper_area_1, sprint2_heavy_combat_area_1,
          sprint2_mutation_trap_area_1, sprint2_forest_area_1,
          sprint2_light_combat_area_1, sprint2_behind_water_1,
          sprint2_near_end_vault_1]

Skill      XL: |  1  2  3  4  5  6  7 |
---------------+----------------------+-----
Fighting       | 7 8 10 11 12 | 12.5
Long Blades    | 7 8 10 12 | 12.7
Armour         | 3 4 5 6 |  6.6
Dodging        | 3 4 5 6 |  6.3

Action                   |  1- 3 |  4- 6 |  7- 9 || total
-------------------------+-------+-------+-------++-------
Melee: Falchion          |     3 |    40 |    13 ||    56
       Headbutt          |       |     8 |     3 ||    11
       Punch             |       |     1 |       ||     1
Invok: Berserk           |     1 |     1 |     1 ||     3
  Use: Potion            |       |     2 |       ||     2
Armor: Animal skin       |       |     2 |       ||     2
Dodge: Dodged            |     1 |    14 |     4 ||    19
